 Dungeon Crawl Stone Soup version 0.24-a0-584-g9d6b971 (webtiles) character file.

Game seed: 14369459572883707659, levelgen mode: deterministic

9261 Firecrotchwizard the Severer (level 11, 0/99 HPs)
             Began as a Hill Orc Gladiator on Aug 31, 2019.
             Was a High Priest of Okawaru.
             Slain by a troll (10 damage)
             ... on level 11 of the Dungeon.
             The game lasted 00:22:23 (10403 turns).

Firecrotchwizard the Severer (Hill Orc Gladiator)  Turns: 10403, Time: 00:22:24

Health: 0/99       AC: 24    Str: 21    XL:     11   Next: 43%
Magic:  16/16      EV:  8    Int:  8    God:    Okawaru [*****.]
Gold:   554        SH:  0    Dex: 12    Spells: 10/10 levels left

rFire    . . .     SeeInvis .   w - +0 battleaxe
rCold    . . .     Gourm    .   (shield currently unavailable)
rNeg     . . .     Faith    .   G - +0 plate armour
rPois    .         Spirit   .   y - +2 helmet
rElec    .         Reflect  .   C - scarf {repulsion}
rCorr    .         Harm     .   e - +2 pair of gloves
MR       +....                  l - +1 pair of boots
Stlth    ..........             (no amulet)
HPRegen  0.26/turn              b - ring of protection from magic {MR+, !d}
MPRegen  0.15/turn              F - +3 ring of protection

@: lethally poisoned (0 -> -7), slowed, studying Summonings, repel missiles,
very slow
A: no striking features
a: Heroism, Finesse, Renounce Religion


You were on level 11 of the Dungeon.
You worshipped Okawaru.
Okawaru was extremely pleased with you.
You were not hungry.

You visited 2 branches of the dungeon, and saw 12 of its levels.
You also visited: Ossuary.

You collected 554 gold pieces.

Inventory:

Hand Weapons
 h - the +6 hand axe of Extinguishment {venom, rF+ Int+3}
   (You found it on level 8 of the Dungeon)

   It poisons the flesh of those it strikes.
   It affects your intelligence (+3).
   It protects you from fire.
 p - the +1 flail of Wariness {venom, rN++ Int+3}
   (You found it on level 8 of the Dungeon)

   It poisons the flesh of those it strikes.
   It affects your intelligence (+3).
   It greatly protects you from negative energy.
 u - a +0 hand axe of electrocution
   (You took it off an orc on level 5 of the Dungeon)
 w - a +0 battleaxe (weapon)
   (You took it off a wight on level 10 of the Dungeon)
Missiles
 d - 5 throwing nets {=f, !d}
Armour
 e - a +2 pair of gloves (worn)
   (You found it on level 1 of the Dungeon)
 l - a +1 pair of boots (worn)
   (You found it on level 1 of the Dungeon)
 x - a scarf of cloud immunity
   (You found it on level 9 of the Dungeon)
 y - a +2 helmet (worn)
   (You found it on level 9 of the Dungeon)
 C - a scarf of repulsion (worn)
   (You found it on level 6 of the Dungeon)
 G - a +0 plate armour (worn)
   (You found it on level 6 of the Dungeon)
Jewellery
 b - a ring of protection from magic (left hand) {MR+, !d}
   (You found it on level 8 of the Dungeon)
 n - an uncursed ring of fire {rF+, rC-}
   (You found it on level 9 of the Dungeon)
 F - a +3 ring of protection (right hand)
   (You found it on level 6 of the Dungeon)
Wands
 A - a wand of flame (24)
   (You found it on level 6 of the Dungeon)
 I - a wand of digging (4)
   (You found it on level 4 of the Dungeon)
Scrolls
 i - 4 scrolls of remove curse
 j - 2 scrolls of amnesia
 k - a scroll of fog
 m - 4 scrolls of teleportation
 D - a scroll of identify
Potions
 a - 2 potions of cancellation
 c - a potion of lignification {unknown}
 g - a potion of ambrosia {unknown}
 o - 2 potions of resistance
 q - 6 potions of curing
 r - 2 potions of berserk rage {!q}
 s - a potion of magic {unknown}
 t - 4 potions of heal wounds
 z - a potion of degeneration {unknown}
 E - 2 potions of mutation {!q}
 K - 2 potions of brilliance
 L - 5 potions of agility {unknown}
Books
 v - a manual of Summonings {!d}
   (You found it on level 5 of the Dungeon)
Comestibles
 f - 11 rations


   Skills:
 + Level 10.1 Fighting
 * Level 15.0 Axes
 - Level 1.7 Throwing
 + Level 6.3 Armour
 - Level 5.4 Dodging
 + Level 7.5 Invocations


You had 10 spell levels left.
You didn't know any spells.
Your spell library contained the following spells:

 Spells                   Type           Power        Failure   Level  Hunger
 Animate Skeleton         Necr           N/A          100%        1    ##.....
 Pain                     Necr           #...         100%        1    ##.....
 Regeneration             Chrm/Necr      #.........   100%        3    ####...
 Vampiric Draining        Necr           #.........   100%        3    ####...
 Animate Dead             Necr           N/A          100%        4    #####..


Dungeon Overview and Level Annotations

Branches:
Dungeon (11/15)            Temple (1/1) D:5             Orc (0/2) D:9
Ossuary (visited)
   Lair: D:8-11

Altars:
Ashenzari
Cheibriados
Dithmenos
Elyvilon
Fedhas
Gozag
Hepliaklqana
Kikubaaqudgha
Makhleb
Nemelex Xobeh
Okawaru
Qazlal
Ru
Sif Muna
Trog
Uskayaw
Vehumet
Wu Jian
Xom
Yredelemnul
Zin
The Shining One

Shops:
D:8 %


Message History

A troll comes into view.
You barely miss the hornet.
The hornet stings you but does no damage.
You hit the hornet.
The hornet stings you but does no damage.
The hornet stings you.
You feel yourself slow down.
You take 3 damage, and have 96/99 hp.
You hit the hornet.
You feel yourself speed up.
The hornet stings you but does no damage.
The hornet barely misses you.
A hound comes into view.
The hound barks!
You slash the hornet! You slash the troll!
The hornet stings you but does no damage.
The troll closely misses you. The troll claws you but does no damage.
The troll closely misses you.
Your plate armour prevents you from hitting the hornet.
Your plate armour prevents you from hitting the troll.
The hornet stings you but does no damage. x2
The troll bites you but does no damage. The troll claws you but does no damage.
The troll barely misses you.
Your plate armour prevents you from hitting the hornet.
You hit the troll but do no damage.
The hornet stings you but does no damage.
A quokka comes into view.
The troll bites you.
The troll claws you but does no damage. x2
You take 2 damage, and have 95/99 hp.
You miss the hornet. You slash the troll! The hornet stings you!
You are poisoned.
You feel yourself slow down.
The hornet stings you but does no damage.
A wolf comes into view. x2
The troll bites you but does no damage.
The troll claws you but does no damage. x2
You take 7 damage, and have 88/99 hp.
The wolf howls!
You hit the hornet. You slice the hound!!
You kill the hound!
Okawaru accepts your kill.
You closely miss the troll.
You feel sick. The hornet completely misses you. The hornet stings you.
You feel as though you will be slow longer.
The troll completely misses you. The troll claws you!
The troll claws you but does no damage.
You take 11 damage, and have 77/99 hp.
You barely miss the hornet. You closely miss the troll.
You feel sick.
The hornet stings you but does no damage.
The troll bites you! The troll barely misses you. x2
The hornet stings you but does no damage.
You take 10 damage, and have 67/99 hp.
You are too injured to fight recklessly!
You are too injured to fight recklessly!
You slash the hornet! You hit the troll.
You feel sick.
The hornet stings you but does no damage.
The troll bites you but does no damage. The troll claws you.
The troll closely misses you.
The hornet stings you but does no damage.
The wolf pauses to sniff the ground.
The troll bites you but does no damage.
The troll claws you but does no damage. x2
You take 6 damage, and have 61/99 hp.
You closely miss the hornet. You closely miss the troll. The hornet stings you!
You are more poisoned.
You feel as though you will be slow longer.
The wolf bites you but does no damage. The hornet stings you.
You feel as though you will be slow longer.
The troll barely misses you. x2; The troll claws you but does no damage.
The wolf closely misses you.
You take 14 damage, and have 47/99 hp.
You slash the troll! You slash the hornet!
You kill the hornet!
Okawaru accepts your kill.
Your Axes skill increases to level 15!
You hit the wolf but do no damage.
You feel sick. The wolf bites you but does no damage.
The troll barely misses you.
The troll claws you but does no damage. x2
A wolf comes into view.
The wolf barely misses you. The quokka barely misses you.
The troll bites you but does no damage. The troll closely misses you.
The troll claws you but does no damage.
You take 2 damage, and have 45/99 hp.
You closely miss the troll. You miss the wolf. You slash the quokka!
You kill the quokka!
Okawaru accepts your kill.
You feel sick.
A hound comes into view.
The wolf bites you but does no damage. The wolf bites you. The wolf bites you!
The troll bites you. The troll claws you but does no damage.
The troll claws you!
* * * LOW HITPOINT WARNING * * *
The hound barks!
The wolf bites you!
* * * LOW HITPOINT WARNING * * *
You take 33 damage, and have 12/99 hp.
MASSIVE DAMAGE!!
You completely miss the troll. You hit the wolf but do no damage.
You hit the wolf.
You feel sick. The wolf bites you but does no damage.
The wolf barely misses you. The wolf closely misses you.
The troll barely misses you. The troll claws you!
You die...

.# #. ..... #.##
.. .... #..##.
... #.... ..# #
. #.... .. .#..
###...#.#.....
###..#..........
#......#<.......
#...@h.......
#.#..Th.......
#.....#.....
......h......
..............
.......≈h..≈≈..≈
......≈≈.≈.≈≈≈..
......≈≈.≈.≈≈≈≈


You could see a troll, 3 wolves and a hound.

Vanquished Creatures
  Harold (D:7)
  Erica (D:10)
  An unseen horror (D:10)
  2 cyclopes
  Joseph (D:7)
  A troll (D:10)
  A hornet (D:11)
  A wyvern (D:8)
  A wraith (D:10)
  Grum (D:9)
  A hungry ghost (D:9)
  A water moccasin (D:10)
  An ice beast (D:9)
  4 sky beasts
  3 orc warriors
  A phantom (D:6)
  7 ogres
  4 centaurs
  4 wolves (D:9)
  2 crocodiles
  An elf zombie (Ossuary)
  A big kobold (D:10)
  A water moccasin skeleton (D:9)
  3 scorpions
  10 killer bees
  8 wights
  A howler monkey (D:5)
  8 crimson imps
  8 centaur zombies
  2 lava snakes (D:10)
  6 jellies
  2 hounds
  A human zombie (Ossuary)
  6 orc priests
  A centaur skeleton (D:4)
  8 orc wizards
  A gnoll shaman (D:4)
  An iguana (D:7)
  7 worker ants
  2 hound zombies (Ossuary)
  3 hound skeletons
  3 mummies (Ossuary)
  7 gnolls
  15 adders
  A shadow imp (D:7)
  5 adder zombies (Ossuary)
  2 worms (D:2)
  2 dart slugs (D:1)
  3 leopard geckos
  37 orcs
  2 ball pythons
  7 giant cockroaches
  2 goblins
  6 hobgoblins
  A jackal (D:5)
  10 kobolds
  4 quokkas
  5 bats
  5 frilled lizards
  4 goblin zombies (Ossuary)
  A hobgoblin zombie (Ossuary)
  A jackal skeleton (D:9)
  4 jackal zombies
  6 kobold zombies (Ossuary)
  An orc zombie (Ossuary)
  3 quokka zombies
  7 rats
264 creatures vanquished.

Notes
Turn   | Place    | Note
-------+----------+-------------------------------------------
     0 | D:1      | Firecrotchwizard the Hill Orc Gladiator began the quest for
                  | the Orb.
     0 | D:1      | Reached XP level 1. HP: 18/18 MP: 1/1
    39 | D:1      | HP: 4/18 [leopard gecko (1)]
    44 | D:1      | Reached XP level 2. HP: 2/25 MP: 2/2
   623 | D:1      | Reached XP level 3. HP: 27/30 MP: 3/3
   909 | D:1      | Reached skill level 3 in Fighting
  1249 | D:2      | Reached skill level 5 in Axes
  1836 | D:2      | Reached XP level 4. HP: 38/38 MP: 4/4
  2201 | D:3      | You fall into a shaft and drop 3 floors!
  2211 | D:6      | Reached skill level 6 in Axes
  2211 | D:6      | Reached skill level 3 in Dodging
  2211 | D:6      | Reached XP level 5. HP: 46/46 MP: 5/5
  2229 | D:5      | Entered Level 5 of the Dungeon
  2242 | D:5      | Noticed a phantom
  2703 | D:5      | Reached skill level 4 in Fighting
  2737 | D:5      | Reached XP level 6. HP: 51/52 MP: 6/6
  2803 | D:5      | Found a sand-covered staircase.
  2810 | Ossuary  | Entered an ossuary
  2837 | Ossuary  | Reached skill level 7 in Axes
  3025 | Ossuary  | Reached XP level 7. HP: 51/60 MP: 7/7
  3042 | Ossuary  | Reached skill level 8 in Axes
  3088 | Ossuary  | Reached skill level 5 in Fighting
  3157 | Ossuary  | Reached skill level 4 in Dodging
  3481 | D:5      | Found a staircase to the Ecumenical Temple.
  3488 | Temple   | Entered the Ecumenical Temple
  3642 | Temple   | Became a worshipper of Warmaster Okawaru
  3831 | D:6      | Reached skill level 9 in Axes
  3831 | D:6      | Reached XP level 8. HP: 46/70 MP: 8/8
  4159 | D:6      | Reached skill level 6 in Fighting
  4442 | D:6      | Noticed a cyclops
  4467 | D:6      | Killed a cyclops
  4467 | D:6      | Reached * piety under Okawaru
  4467 | D:6      | Reached skill level 10 in Axes
  4467 | D:6      | Reached skill level 5 in Dodging
  5026 | D:4      | Reached skill level 7 in Fighting
  5026 | D:4      | Reached XP level 9. HP: 61/79 MP: 9/9
  5027 | D:4      | Reached skill level 11 in Axes
  6436 | D:7      | Reached skill level 1 in Invocations
  6662 | D:7      | Reached skill level 1 in Armour
  6868 | D:7      | Noticed Joseph
  6871 | D:7      | Reached skill level 2 in Invocations
  6872 | D:7      | Found a burning altar of Makhleb.
  6889 | D:7      | Killed Joseph
  6889 | D:7      | Reached skill level 12 in Axes
  6889 | D:7      | Reached skill level 2 in Armour
  7019 | D:7      | Reached skill level 8 in Fighting
  7019 | D:7      | Reached skill level 3 in Invocations
  7105 | D:6      | Reached ** piety under Okawaru
  7219 | D:7      | Reached skill level 3 in Armour
  7512 | D:7      | Noticed Harold
  7535 | D:7      | Killed Harold
  7535 | D:7      | Reached *** piety under Okawaru
  7535 | D:7      | Reached skill level 13 in Axes
  7535 | D:7      | Reached skill level 4 in Invocations
  7535 | D:7      | Reached XP level 10. HP: 77/90 MP: 10/13
  7667 | D:8      | Reached skill level 4 in Armour
  7840 | D:8      | Reached skill level 5 in Invocations
  8048 | D:8      | Found Erhuwkud's Food Boutique.
  8081 | D:8      | Got a dazzling hand axe
  8082 | D:8      | Identified the +6 hand axe of Extinguishment {venom, rF+
                  | Int+3} (You found it on level 8 of the Dungeon)
  8209 | D:8      | Reached skill level 9 in Fighting
  8234 | D:8      | Got a faintly glowing flail
  8235 | D:8      | Identified the cursed +1 flail of Wariness {venom, rN++
                  | Int+3} (You found it on level 8 of the Dungeon)
  8569 | D:9      | Reached **** piety under Okawaru
  8611 | D:9      | Found a staircase to the Orcish Mines.
  8623 | D:9      | Noticed Grum
  8629 | D:9      | Reached skill level 5 in Armour
  8629 | D:9      | Reached skill level 6 in Invocations
  8638 | D:9      | Killed Grum
  8638 | D:9      | Reached skill level 14 in Axes
  8886 | D:9      | Reached XP level 11. HP: 86/97 MP: 15/15
  8965 | D:10     | Entered Level 10 of the Dungeon
  9151 | D:10     | Killed an unseen horror
  9318 | D:10     | Reached ***** piety under Okawaru
  9334 | D:10     | Noticed Erica
  9343 | D:10     | Killed Erica
  9343 | D:10     | Reached skill level 7 in Invocations
  9430 | D:10     | Reached skill level 6 in Armour
  9457 | D:10     | HP: 24/99 [poisoned by a water moccasin]
  9462 | D:10     | HP: 21/99 [poisoned by a water moccasin]
  9468 | D:10     | HP: 20/99 [poisoned by a water moccasin]
  9474 | D:10     | HP: 19/99 [poisoned by a water moccasin]
  9482 | D:10     | HP: 20/99 [poisoned by a water moccasin]
  9851 | D:10     | Reached skill level 10 in Fighting
 10169 | D:10     | Noticed a cyclops
 10185 | D:10     | Killed a cyclops
 10401 | D:11     | Reached skill level 15 in Axes
 10402 | D:11     | HP: 20/99 [troll (10)]
 10403 | D:11     | Slain by a troll

Levels and vault maps discovered:
D:1:      ncdulo_lavacross, layout_basic, serial_rivers,
          chequers_serial_rivers_large_a, chequers_serial_rivers_micro_c,
          chequers_serial_rivers_micro_a, chequers_serial_rivers_small_3,
          chequers_serial_rivers_small_3, chequers_serial_rivers_micro_d
D:2:      layout_basic, small_statue_intersection, minmay_misc_feat_more_columns
D:3:      layout_loops_ring
D:4:      layout_basic
D:5:      layout_basic, minmay_temple_entry_sparse_star, first_ration,
          chequers_ossuary_entry_cave, minmay_manual_macuahuitl
D:6:      minmay_chambers_of_fours, layout_loops_ring
D:7:      layout_rooms, makhleb_heckhound_becter, uniq_joseph, uniq_harold
D:8:      layout_rooms, serial_shops,
          nicolae_shop_temple_entry_statues_fountains
D:9:      layout_rooms, kennysheep_generic_room_11, uniq_grum
D:10:     kennysheep_big_flooded_room, layout_small_grid, uniq_erica
D:11:     layout_layer_cave, erik_lair_island
Temple:   kilobyte_greek_temple

Skill      XL: |  1  2  3  4  5  6  7  8  9 10 11 |
---------------+----------------------------------+-----
Fighting       | 3 4 5 7 8 9 10 | 10.1
Axes           | 5 6 7 9 10 13 14 15 | 15.0
Dodging        | 3 4 5 |  5.4
Invocations    | 4 6 7 |  7.5
Armour         | 3 5 6 |  6.3
Throwing       | |  1.7

Action                   |  1- 3 |  4- 6 |  7- 9 | 10-12 || total
-------------------------+-------+-------+-------+-------++-------
Melee: War axe           |   124 |    45 |       |       ||   169
       Hand axe          |       |    92 |   426 |   188 ||   706
       Punch             |       |       |       |     1 ||     1
       Battleaxe         |       |       |       |   104 ||   104
Throw: Throwing net      |       |       |     2 |       ||     2
Invok: Heroism           |       |       |     3 |     5 ||     8
  Use: Potion            |       |     1 |       |       ||     1
       Scroll            |       |       |    11 |    11 ||    22
 Stab: Sleeping          |     1 |       |       |       ||     1
  Eat: Chunk             |     3 |     4 |    14 |    11 ||    32
Armor: Leather armour    |    25 |       |       |       ||    25
       Ring mail         |    17 |    37 |    51 |       ||   105
       Chain mail        |       |       |   111 |    28 ||   139
       Plate armour      |       |       |       |   178 ||   178
Dodge: Dodged            |    89 |    74 |   148 |   135 ||   446
       Deflected         |       |       |     5 |     7 ||    12

Table legend:
 A = Non-vault XP
 B = Vault XP
 C = Vault XP percentage of total XP
 D = Non-vault monster count
 E = Vault monster count
 F = Vault count percentage of total count
                 A         B        C        D         E       F
            +---------+---------+-------+---------+---------+-------
      Total |    8063 |    5167 |  39.1 |     208 |      56 |  21.2
            +---------+---------+-------+---------+---------+-------
        D:1 |      44 |       0 |   0.0 |      25 |       0 |   0.0
        D:2 |      40 |       0 |   0.0 |      13 |       0 |   0.0
        D:3 |     118 |       0 |   0.0 |      12 |       0 |   0.0
        D:4 |     583 |       0 |   0.0 |      27 |       0 |   0.0
        D:5 |     218 |      72 |  24.8 |      13 |       5 |  27.8
        D:6 |     713 |     636 |  47.1 |      12 |       3 |  20.0
        D:7 |    1203 |    1485 |  55.2 |      26 |       3 |  10.3
        D:8 |    1412 |       0 |   0.0 |      25 |       0 |   0.0
        D:9 |    1387 |     780 |  36.0 |      28 |       6 |  17.6
       D:10 |    2067 |    1587 |  43.4 |      25 |       3 |  10.7
       D:11 |     278 |      46 |  14.2 |       2 |       1 |  33.3
    Ossuary |       0 |     561 | 100.0 |       0 |      35 | 100.0
            +---------+---------+-------+---------+---------+-------

Levels and vault maps discovered:
D:1:      ncdulo_lavacross, layout_basic, serial_rivers,
          chequers_serial_rivers_large_a, chequers_serial_rivers_micro_c,
          chequers_serial_rivers_micro_a, chequers_serial_rivers_small_3,
          chequers_serial_rivers_small_3, chequers_serial_rivers_micro_d
D:2:      layout_basic, small_statue_intersection, minmay_misc_feat_more_columns
D:3:      layout_loops_ring
D:4:      layout_basic
D:5:      layout_basic, minmay_temple_entry_sparse_star, first_ration,
          chequers_ossuary_entry_cave, minmay_manual_macuahuitl
D:6:      minmay_chambers_of_fours, layout_loops_ring
D:7:      layout_rooms, makhleb_heckhound_becter, uniq_joseph, uniq_harold
D:8:      layout_rooms, serial_shops,
          nicolae_shop_temple_entry_statues_fountains
D:9:      layout_rooms, kennysheep_generic_room_11, uniq_grum
D:10:     kennysheep_big_flooded_room, layout_small_grid, uniq_erica
D:11:     layout_layer_cave, erik_lair_island
Temple:   kilobyte_greek_temple

Table legend:
 A = Turns spent in this place as a percentage of turns spent in the entire game.
 B = Non-inter-level travel turns spent in this place as a percentage of non-inter-level travel turns spent in the entire game.
 C = Inter-level travel turns spent in this place as a percentage of turns spent in this place.
 D = Turns resting spent in this place as a percentage of non-inter-level travel turns spent in this place.
 E = Turns spent auto-exploring this place as a percentage of non-inter-level travel turns spent in this place.
 F = Non-inter-level travel turns spent in this place divided by the number of levels of this place that you've seen.
                   A       B       C       D       E      F
               +-------+-------+-------+-------+-------+----------------------
         Total | 100.0 | 100.0 |   5.4 |  30.8 |  49.0 | 756.9
       Dungeon |  94.7 |  95.0 |   5.1 |  31.4 |  49.1 | 849.8
        Temple |   1.9 |   1.3 |  33.2 |   0.0 |  98.4 | 129.0
       Ossuary |   3.5 |   3.7 |   0.0 |  25.6 |  28.7 | 363.0
               +-------+-------+-------+-------+-------+----------------------

Table legend:
 A = Kills in this place as a percentage of kills in entire the game.
 B = Kills by you in this place as a percentage of kills by you in the entire game.
 C = Kills by friends in this place as a percentage of kills by friends in the entire game.
 D = Other kills in this place as a percentage of other kills in the entire game.
 E = Experience gained in this place as a percentage of experience gained in the entire game.
 F = Experience gained in this place divided by the number of levels of this place that you have seen.
                   A       B       C       D       E      F
               +-------+-------+-------+-------+-------+----------------------
         Total | 100.0 | 100.0 |   N/A |   N/A | 100.0 | 1017.7
       Dungeon |  86.7 |  86.7 |   N/A |   N/A |  95.8 | 1151.7
       Ossuary |  13.3 |  13.3 |   N/A |   N/A |   4.2 | 561.0
               +-------+-------+-------+-------+-------+----------------------
